AoeStats
← aDiGe

Pilgrims

509457498Analyzed
4v4 RM · 5d ago on Sep 26, 2026· 44m 50s· 8 players
Game mode
Random Map
Map size
Large (8 player)
Population
200
Speed
Normal
Resources
Standard
Victory
Conquest
Starting age
Dark Age
Ending age
Imperial Age
RankedLock teamsTeams togetherTeam positionsShared explorationLock speedFull tech treeHidden civsTurbo modeCheats
Victory
Defeat
🇲🇽 Vikings · Mexico
964
+14
🇺🇸 Goths · United States
963
+14
🇹🇷 Malay · Türkiye
952
+14
🇲🇽 Tatars · Mexico
946
+41
🇹🇷 Franks · Türkiye
918
-14
🇨🇳 Italians · China
911
-14
🇹🇷 Saracens · Türkiye
906
-14
🇵🇱 Cumans · Poland
901
-14
Selobate
5:19 Loom
13:27 Feudal Age
13:30 Fishing Lines
14:42 Wheelbarrow
16:02 Man-at-Arms
16:38 Gold Mining
16:37 Double-Bit Axe
17:55 Stone Mining
20:40 Castle Age
19:32 Forging
20:36 Gillnets
22:17 Long Swordsman
23:00 Squires
23:53 Gold Shaft Mining
23:15 Town Watch
24:29 Town Patrol
26:52 Iron Casting
27:44 Fletching
27:50 Arson
31:52 Imperial Age
31:25 Two-Handed Swordsman
32:34 Conscription
31:46 Elite Karambit Warrior
35:06 Thalassocracy
35:09 Forced Levy
38:07 Bow Saw
39:30 Blast Furnace
39:39 Elite Battle Elephant
40:20 Husbandry
40:29 Scale Barding Armor
41:45 Hand Cart
TodayAcrobat464
10:06 Feudal Age
11:40 Wheelbarrow
13:00 Arson
13:03 Loom
13:39 Fishing Lines
18:36 Gold Mining
18:39 Double-Bit Axe
20:14 Man-at-Arms
22:48 Stone Mining
26:07 Castle Age
29:20 Gold Shaft Mining
30:20 Horse Collar
30:36 Pikeman
34:09 Gillnets
34:39 Silk Armor
35:09 Fervor
34:59 Herbal Medicine
36:04 Hand Cart
37:59 Devotion
41:10 Coinage
40:56 Squires
MiloJ
4:13 Loom
13:52 Feudal Age
15:21 Fishing Lines
15:35 Double-Bit Axe
17:50 Gold Mining
20:34 Castle Age
20:19 Stone Mining
21:26 Fletching
22:22 Gillnets
29:06 Elite Skirmisher
33:01 Bow Saw
33:29 Gold Shaft Mining
35:22 Horse Collar
39:09 Imperial Age
36:29 Town Watch
37:00 Heavy Plow
37:46 Forging
38:00 Scale Mail Armor
39:10 Chain Mail Armor
39:31 Iron Casting
40:29 Plate Mail Armor
40:24 Conscription
39:32 Elite Berserk
41:50 Blast Furnace
41:05 Bodkin Arrow
41:13 Padded Archer Armor
42:04 Bogsveigar
42:07 Chieftains
41:37 Crossbowman
42:29 Bracer
42:53 Ballistics
43:33 Chemistry
42:51 Leather Archer Armor
43:40 Two-Man Saw
43:13 Crop Rotation
42:23 Arbalester
44:39 Ring Archer Armor
gbecerro
8:20 Loom
12:13 Feudal Age
13:07 Double-Bit Axe
15:51 Fishing Lines
16:14 Gold Mining
17:11 Horse Collar
18:12 Wheelbarrow
23:07 Castle Age
22:22 Man-at-Arms
23:46 Pikeman
24:27 Squires
23:48 Long Swordsman
25:09 Bow Saw
24:59 Town Watch
25:57 Bow Saw
26:48 Demolition Ship
27:39 Medium Warships
28:35 Heavy Plow
29:31 Fletching
29:42 Scale Mail Armor
29:40 Stone Mining
31:06 Hand Cart
31:11 Gillnets
32:31 Treadmill Crane
33:18 Town Patrol
35:28 Forging
38:35 Iron Casting
38:16 Chain Mail Armor
40:31 Stone Shaft Mining
fbaha
4:35 Loom
14:04 Feudal Age
14:29 Horse Collar
14:44 Double-Bit Axe
18:12 Wheelbarrow
23:11 Castle Age
21:40 Gold Mining
24:32 Bow Saw
24:23 Heavy Plow
26:25 Hand Cart
29:42 Fervor
30:49 Scale Barding Armor
30:44 Scale Mail Armor
30:54 Forging
39:22 Imperial Age
37:15 Murder Holes
37:40 Ballistics
38:55 Husbandry
41:19 Chain Barding Armor
41:14 Chain Mail Armor
41:35 Iron Casting
41:37 Conscription
malolepszy.adrian
11:00 Feudal Age
13:00 Wheelbarrow
12:13 Double-Bit Axe
12:11 Fishing Lines
22:12 Castle Age
22:12 Gold Mining
23:45 Hand Cart
24:12 Thumb Ring
24:14 Gillnets
25:16 Bow Saw
24:58 Stone Mining
26:29 Medium Warships
26:30 Capped Ram
28:58 Gold Shaft Mining
aDiGe
7:13 Loom
16:30 Feudal Age
16:58 Double-Bit Axe
17:54 Man-at-Arms
18:20 Arson
18:51 Stone Mining
21:16 Forging
23:27 Scale Mail Armor
25:37 Scale Barding Armor
29:01 Castle Age
30:55 Bow Saw
31:11 Gold Mining
31:43 Caravan
32:45 Ordonnance Companies
33:51 Fletching
34:03 Padded Archer Armor
39:10 Bodkin Arrow
495556203
6:39 Loom
13:34 Feudal Age
13:38 Man-at-Arms
14:55 Wheelbarrow
14:03 Horse Collar
15:09 Town Watch
15:34 Gold Mining
15:55 Double-Bit Axe
17:46 Stone Mining
24:04 Castle Age
22:18 Fletching
23:17 Forging
24:40 Padded Archer Armor
25:26 Hand Cart
25:20 Heavy Plow
26:46 Bow Saw
27:29 Bodkin Arrow
31:35 Town Patrol
32:43 Leather Archer Armor
32:55 Ballistics
32:33 Murder Holes
Connection lost

Rejoining the realm…

Still unreachable

The connection could not be restored.

Session expired

The server has moved on; the page needs a fresh start.